Cogmind - Beta 13 @@@ ROGUE MODE // 2024.04.12 @ 15:54:13 Player: zoefiri Result: Destroyed by G-47 Trooper with Particle Gun Performance ------------- Evolutions (3) 1500 Regions Visited (8) 1600 Robots Destroyed (110) 550 Value Destroyed (2789) 2789 Prototype IDs (30) 600 Alien Tech Used (0) 0 Bonus (371) 371 TOTAL SCORE: 7410 Bonus ------- Follower Combat Kills 71 Aligned with FarCom 300 Cogmind --------- Core Integrity 0/700 Matter 300/300 Energy 192/220 System Corruption 10% Temperature Cool (10) Movement Treading (160) Location -7/Factory Parts ------- > --- POWER (2) -------- Light Nuclear Core Light Nuclear Core > --- PROPULSION (4) --- Light Treads Light Treads Light Treads Light Treads > --- UTILITY (4) ------ Improved Heat Sink Improved Light Armor Plating Improved Light Armor Plating Improved Shield Generator > --- WEAPON (3) ------- Arc Projector Heavy Laser > --- INVENTORY (5) ---- Light Nuclear Core Improved Deuterium Engine Medium Storage Unit Hacking Suite Gauss Rifle Peak State ------------ > --- POWER ------------ Light Nuclear Core Light Nuclear Core > --- PROPULSION ------- Aerolev Unit Aerolev Unit Aerolev Unit > --- UTILITY ---------- Improved Heat Sink Medium Storage Unit Advanced Weight Redist. System ECM Suite > --- WEAPON ----------- Heavy Particle Gun Precision Beam Rifle Advanced Beam Rifle > --- INVENTORY -------- Improved Shield Generator Hacking Suite Proton Missile Launcher Remote Datajack Field Lobotomy Kit Axe [Rating: 40] Favorites ----------- Power Light Nuclear Core Engine Cooled Ion Engine Power Core Light Nuclear Core Propulsion Improved Treads Treads Improved Treads Leg Aluminum Leg Hover Unit Aerolev Unit Utility Large Storage Unit Device Improved Heat Sink Storage Large Storage Unit Processor Visual Processing Unit Protection Light Armor Plating Weapon Heavy Particle Gun Energy Gun Heavy Particle Gun Ballistic Gun Improved Assault Rifle Ballistic Cannon Light Cannon Launcher Grenade Launcher Special Weapon Field Lobotomy Kit Slashing Weapon Axe Build | -11 -10 -10 -9 -9 -9 -8 -8 -7 ------- Run | Yrd Mat Min Mat Min Exi Min Mat Fac Slots Evolved 6 | . . . 2 . . . 2 2 Power 1 | . . . . . . . . 1 Propulsion 2 | . . . 1 . . . 1 . Utility 2 | . . . 1 . . . 1 . Weapon 1 | . . . . . . . . 1 Parts Attached 114 | 6 17 2 15 1 . 2 27 44 Power 14 | 1 2 . 2 . . . 3 6 Engine 5 | 1 2 . 2 . . . . . Core 9 | . . . . . . . 3 6 Reactor . | . . . . . . . . . Propulsion 36 | 2 7 . 4 . . 1 10 12 Treads 31 | 2 7 . 4 . . 1 9 8 Leg 1 | . . . . . . . . 1 Wheel . | . . . . . . . . . Hover 4 | . . . . . . . 1 3 Flight . | . . . . . . . . . Utility 18 | 1 3 . 2 . . . 3 9 Device 6 | . . . 1 . . . . 5 Storage 4 | 1 2 . . . . . 1 . Processor 2 | . 1 . . . . . 1 . Hackware . | . . . . . . . . . Protection 6 | . . . 1 . . . 1 4 Artifact . | . . . . . . . . . Weapon 46 | 2 5 2 7 1 . 1 11 17 Energy Gun 24 | 1 . . 5 . . 1 7 10 Energy Cannon . | . . . . . . . . . Ballistic Gun 8 | 1 4 1 1 . . . . 1 Ballistic Cannon 2 | . 1 . . . . . 1 . Launcher 6 | . . 1 1 1 . . 2 1 Special Weapon 3 | . . . . . . . . 3 Impact Weapon . | . . . . . . . . . Slashing Weapon 3 | . . . . . . . 1 2 Piercing Weapon . | . . . . . . . . . Special Melee Weapon . | . . . . . . . . . Unidentified Prototypes 7 | . 1 . 2 . . . 4 . Corrupted Parts 1 | . . . . . . . . 1 System Corruption 1 | . . . . . . . . 1 Parts Lost 34 | . 2 . . . . 1 9 22 Power 6 | . 1 . . . . . 3 2 Propulsion 11 | . 1 . . . . 1 3 6 Utility 8 | . . . . . . . 2 6 Weapon 9 | . . . . . . . 1 8 Highest Loss Streak 7 | . 2 . . . . 1 4 7 To Critical Strikes . | . . . . . . . . . Average Slot Usage (%) 92 | . 93 100 99 100 100 99 94 80 Engine 4 | . 9 14 11 11 11 11 . . Core 5 | . . . . . . . 7 11 Treads 29 | . 27 28 32 33 33 32 34 19 Hover 1 | . . . . . . . . 4 Device 5 | . . . 10 11 11 11 3 12 Storage 11 | . 14 14 11 11 11 11 14 4 Processor 7 | . 13 14 9 . . . 7 1 Protection 5 | . . . 1 11 11 11 7 7 Energy Gun 12 | . 3 . 12 15 11 18 16 14 Ballistic Gun 5 | . 20 26 9 . . . . . Launcher 1 | . . 1 . 6 11 3 . . Naked Turns . | . . . . . . . . . Heaviest Build 48 | 11 29 29 38 38 38 38 42 48 Greatest Support 92 | 40 40 40 69 69 69 69 92 85 Greatest Overweight (x) 9 | . . . 9 . . . 1 8 Average Overweight (x) . | . . . . . . . . . Largest Inventory Capacity 15 | 8 15 15 15 15 15 15 15 15 Average Capacity 12 | 5 8 15 15 15 15 15 15 8 Most Carried 15 | 1 11 11 11 10 11 11 15 14 Average Carried 10 | . 7 11 9 10 10 10 14 6 Final Capacity 15 | 8 15 15 15 15 15 15 15 5 Final Carried 15 | 1 11 11 10 10 11 10 15 5 Class Distribution -------------------- 57% | Mutant 34% | Scavenger-Mutant 6% | Scavenger-Tank Dominant Class ---------------- Mutant | -10/Materials Mutant | -10/Mines Mutant | -9/Materials Mutant | -9/Mines Mutant | -9/Exiles Mutant | -8/Mines Scavenger-Mutant | -8/Materials Scavenger-Mutant | -7/Factory Resources | -11 -10 -10 -9 -9 -9 -8 -8 -7 ----------- Run | Yrd Mat Min Mat Min Exi Min Mat Fac Matter Collected 1905 | 162 306 224 428 45 . 72 263 405 Remotely . | . . . . . . . . . Salvage Created 3876 | . 544 256 743 70 . 183 1290 790 Parts 238 | . 43 27 50 12 . 2 78 26 Haulers Intercepted 12 | . 2 . 4 . . . 4 2 Recyclers Shooed 2 | . . 2 . . . . . . Parts Field Recycled . | . . . . . . . . . Retrieved Matter . | . . . . . . . . . Parts Self-Destructed . | . . . . . . . . . Prevented . | . . . . . . . . . Kills | -11 -10 -10 -9 -9 -9 -8 -8 -7 ------- Run | Yrd Mat Min Mat Min Exi Min Mat Fac Combat Hostiles Destroyed 69 | . 11 5 14 8 . 3 16 12 Melee 4 | . . . . . . . 3 1 Guns 45 | . 7 3 13 2 . 3 10 7 Cannons 4 | . 3 . . . . . 1 . AOE 11 | . 1 2 . 6 . . . 2 Classes Destroyed 14 | . 6 3 1 . . . 2 2 Worker 6 | . 3 2 . . . . 1 . Builder 4 | . . 2 . . . . 2 . Tunneler 2 | . . 1 . . . . 1 . Hauler 12 | . 2 . 4 . . . 4 2 Recycler 5 | . . 1 1 . . 1 1 1 Operator 5 | . 2 . 1 . . . 1 1 Watcher 7 | . 2 . 2 . . . 3 . Swarmer 24 | . 3 5 7 8 . . . 1 Grunt 25 | . 8 . 3 . . 3 9 2 Brawler 2 | . . . . . . . . 2 Duelist 1 | . . . . . . . 1 . Sentry 12 | . . . 4 . . . 5 3 Hunter 2 | . . . . . . . 1 1 Programmer 3 | . . . . . . . . 3 Best Kill Streak 8 | . 3 6 5 8 . 3 3 2 Combat Bots Only 8 | . 3 3 3 8 . 3 3 2 Max Kills in Single Turn 4 | . 2 2 2 4 . 1 1 2 Gunslinging 1 | . 1 . 1 . . . . . Exploded 4 | . 1 2 . 4 . . . 2 Melee 1 | . . . . . . . 1 1 Uniques/NPCs Destroyed . | . . . . . . . . . Combat | -11 -10 -10 -9 -9 -9 -8 -8 -7 -------- Run | Yrd Mat Min Mat Min Exi Min Mat Fac Hostile Shots Fired 787 | . 74 13 93 19 . 16 163 409 Missed 258 | . 23 5 25 6 . 5 53 141 Damage Taken 6356 | . 625 61 741 107 . 222 1779 2821 Core 1213 | . 100 14 101 10 . 19 269 700 Absorbed by Shields 65 | . . . . . . . . 65 Redirected to Shielding 117 | . . . . . . . 117 . Regen/Repaired (Parts) 49 | . . . . . . . . 49 Core Remaining (%) 68 | 100 . 54 . . . 67 51 . Volleys Fired 339 | . 81 19 49 6 . 10 94 80 Largest 3 | . 2 2 2 2 . 2 2 3 Hottest 189 | . 60 53 112 86 . 112 116 189 Shots Fired 622 | . 151 35 98 9 . 17 175 137 Gun 577 | . 122 34 96 6 . 14 173 132 Cannon 31 | . 29 . . . . . 2 . Launcher 9 | . . 1 2 3 . 3 . . Special 5 | . . . . . . . . 5 Kinetic 217 | . 125 34 50 . . . 2 6 Thermal 344 | . . . 46 6 . 14 173 105 Explosive 9 | . . 1 2 3 . 3 . . Electromagnetic 47 | . 26 . . . . . . 21 Robot Hit Streak 15 | . 8 9 15 6 . 4 12 12 Robot Miss Streak 5 | . 4 1 3 2 . 1 5 3 Penetration Max . | . . . . . . . . . Secondary Targets 8 | . 1 . 5 . . 1 . 1 Max Gunslinging Chain 1 | . 1 . 1 . . 1 . 1 Shots Hit Robots 417 | . 90 21 62 5 . 11 120 108 Core Hits 183 | . 40 15 27 8 . 8 42 43 Critical Kills 1 | . . . 1 . . . . . Critical Parts Destroyed 1 | . . 1 . . . . . . Critical Strikes 20 | . . 1 4 . . 2 7 6 Burn 16 | . . . 3 . . 2 7 4 Destroy 2 | . . 1 1 . . . . . Sever 2 | . . . . . . . . 2 Melee Attacks 34 | . . . . . . . 11 23 Impact . | . . . . . . . . . Slashing 34 | . . . . . . . 11 23 Piercing . | . . . . . . . . . Sneak Attacks . | . . . . . . . . . Combat Hostiles . | . . . . . . . . . Follow-up Attacks . | . . . . . . . . . Damage Inflicted 8147 | 5 1215 401 1056 327 . 282 2442 2419 Guns 6134 | . 826 329 1022 83 . 167 2105 1602 Cannons 370 | . 327 . . . . . 43 . Explosions 905 | . 59 65 34 244 . 110 . 393 Melee 700 | . . . . . . . 277 423 Ramming 38 | 5 3 7 . . . 5 17 1 Kinetic 1958 | . 918 329 552 . . . 43 116 Thermal 4293 | . 59 . 470 83 . 167 2105 1409 Explosive 776 | . . 65 34 244 . 110 . 323 Electromagnetic 382 | . 235 . . . . . . 147 Impact . | . . . . . . . . . Slashing 700 | . . . . . . . 277 423 Piercing . | . . . . . . . . . Highest Corruption 10 | . 4 4 . . . . . 10 Average Corruption 3 | . 1 4 . . . . . 3 Corruption Purged . | . . . . . . . . . Corruption Blocked . | . . . . . . . . . Effects 42 | . 7 7 . . . . . 28 Message Errors 8 | . 2 . . . . . . 6 Matter Fused 9 | . 1 1 . . . . . 7 Heat Flow Errors 6 | . 1 1 . . . . . 4 Energy Discharges 6 | . 1 2 . . . . . 3 Parts Rejected 1 | . . . . . . . . 1 Data Loss (minor) 5 | . . 1 . . . . . 4 Data Loss (major) 3 | . 1 1 . . . . . 1 Misfires 3 | . 1 1 . . . . . 1 Alerts 1 | . . . . . . . . 1 Overload Shots . | . . . . . . . . . Overflow Damage 128 | . . . . . . . 10 118 Projectiles . | . . . . . . . . . Explosions 72 | . . . . . . . . 72 Melee 56 | . . . . . . . 10 46 Knockbacks 7 | . 7 . . . . . . . Impact . | . . . . . . . . . Kinetic 5 | . 5 . . . . . . . Secondary 2 | . 2 . . . . . . . Self-Inflicted Damage 144 | . . . . . . 32 . 112 Shots 3 | . . . . . . 1 . 2 Rammed 11 | 1 2 2 . . . 1 2 3 Targets Rammed 12 | 1 2 2 . . . 2 2 3 Kicked . | . . . . . . . . . Crushed 1 | . . . . . . 1 . . Highest Temperature 513 | . 422 252 13 . . 57 228 513 Average Temperature 84 | . 54 130 6 . . 29 73 127 Received Heat Transfer 1779 | . 303 . 168 . . 99 540 669 Effects 6 | . 1 . . . . . . 5 Shutdowns 2 | . . . . . . . . 2 Energy Bleed 1 | . . . . . . . . 1 Matter Decay 1 | . 1 . . . . . . . Short Circuit 1 | . . . . . . . . 1 Damage (minor) 1 | . . . . . . . . 1 Siege Activations . | . . . . . . . . . Robots Corrupted . | . . . . . . . . . Combat Hostiles . | . . . . . . . . . Parts Fried 1 | . 1 . . . . . . . Impact Corruptions 1 | . . . . . . . . 1 Robots Melted 6 | . . . 1 . . . 3 2 Combat Hostiles 5 | . . . 1 . . . 2 2 Parts Melted 27 | . . . 3 1 . 1 10 12 Heat Transferred 9707 | . 50 . 1258 185 . 518 4625 3071 Parts Sabotaged . | . . . . . . . . . Parts Stolen . | . . . . . . . . . Parts Stripped . | . . . . . . . . . Power Chain Reactions 2 | . 1 . . . . . . 1 Alert | -11 -10 -10 -9 -9 -9 -8 -8 -7 ------- Run | Yrd Mat Min Mat Min Exi Min Mat Fac Peak Influence 379 | . 295 249 379 345 . 81 155 251 Initial 147 | . . 54 96 147 . . 1 47 Average 94 | . 161 136 249 248 . 26 35 71 Maximum Alert Level 1 | . 1 1 1 1 . . . 1 Low Security (%) 84 | 100 69 82 43 44 . 100 100 86 Level 1 15 | . 30 17 56 55 . . . 13 Level 2 . | . . . . . . . . . Level 3 . | . . . . . . . . . Level 4 . | . . . . . . . . . Level 5 . | . . . . . . . . . High Security . | . . . . . . . . . Max Security . | . . . . . . . . . Squads Dispatched 20 | . 3 . 3 . . . 4 10 Investigation 3 | . 1 . 1 . . . 1 . Extermination 4 | . . . . . . . . 4 Reinforcement 9 | . 2 . 2 . . . 3 2 Assault . | . . . . . . . . . Garrison 4 | . . . . . . . . 4 Intercept . | . . . . . . . . . Searches Triggered . | . . . . . . . . . Construction Impeded 2 | . . . . . . . 1 1 Haulers Reinforced . | . . . . . . . . . Active Scanning Responses . | . . . . . . . . . Cargo Convoy Interrupts . | . . . . . . . . . Stealth | -11 -10 -10 -9 -9 -9 -8 -8 -7 --------- Run | Yrd Mat Min Mat Min Exi Min Mat Fac Distress Signals 10 | . . 1 5 . . . 3 1 Communications Jammed . | . . . . . . . . . Distress Signals . | . . . . . . . . . Times Spotted 120 | . 20 6 23 8 . 3 30 30 Peak Tracking Total 5 | . 3 3 4 4 . 3 4 5 Tactical Retreats 6 | . 1 1 . . . . . 4 Traps | -11 -10 -10 -9 -9 -9 -8 -8 -7 ------- Run | Yrd Mat Min Mat Min Exi Min Mat Fac Traps Triggered 11 | . 6 . 1 . . . 2 2 Indirectly 1 | . . . . . . . . 1 Trap Hack Attempts . | . . . . . . . . . Triggered . | . . . . . . . . . Disarmed . | . . . . . . . . . Reprogrammed . | . . . . . . . . . Reused . | . . . . . . . . . Traps Extracted . | . . . . . . . . . Installed . | . . . . . . . . . Triggered 1 | . . 1 . . . . . . Machines | -11 -10 -10 -9 -9 -9 -8 -8 -7 ---------- Run | Yrd Mat Min Mat Min Exi Min Mat Fac Machines Disabled 16 | . 1 . 1 . . . 5 9 Max in Single Turn 4 | . 1 . 1 . . . 1 4 Machines Repaired . | . . . . . . . . . Machines Dismantled . | . . . . . . . . . Machines Sabotaged . | . . . . . . . . . Overloaded Fab Kills . | . . . . . . . . . Hacking | -11 -10 -10 -9 -9 -9 -8 -8 -7 --------- Run | Yrd Mat Min Mat Min Exi Min Mat Fac Machines Accessed 2 | . . . . . 1 . . 1 Terminals . | . . . . . . . . . Fabricators . | . . . . . . . . . Repair Stations 1 | . . . . . . . . 1 Recycling Units . | . . . . . . . . . Scanalyzers . | . . . . . . . . . Garrison Access . | . . . . . . . . . Total Hacks 3 | . . . . . 1 . . 2 Successful 3 | . . . . . 1 . . 2 Failed . | . . . . . . . . . Catastrophic . | . . . . . . . . . Database Lockouts . | . . . . . . . . . Manual 1 | . . . . . 1 . . . Terminals . | . . . . . . . . . Fabricators . | . . . . . . . . . Repair Stations 2 | . . . . . . . . 2 Recycling Units . | . . . . . . . . . Scanalyzers . | . . . . . . . . . Garrison Access . | . . . . . . . . . Terminal Hacks 1 | . . . . . 1 . . . Derelict Proto ID Bank 1 | . . . . . 1 . . . Fabricator Hacks . | . . . . . . . . . Repair Station Hacks 2 | . . . . . . . . 2 Scan Component 1 | . . . . . . . . 1 Repair 1 | . . . . . . . . 1 Recycling Unit Hacks . | . . . . . . . . . Scanalyzer . | . . . . . . . . . Garrison Access Hacks . | . . . . . . . . . Unauthorized Hacks . | . . . . . . . . . Terminals . | . . . . . . . . . Fabricators . | . . . . . . . . . Repair Stations . | . . . . . . . . . Recycling Units . | . . . . . . . . . Scanalyzers . | . . . . . . . . . Garrison Access . | . . . . . . . . . Data Cores Recovered . | . . . . . . . . . Used . | . . . . . . . . . Hacking Detections . | . . . . . . . . . Full Trace Events . | . . . . . . . . . Feedback Events . | . . . . . . . . . Feedback Blocked . | . . . . . . . . . Robot Schematics Acquired . | . . . . . . . . . Robots Built . | . . . . . . . . . Authchips . | . . . . . . . . . Time . | . . . . . . . . . Total Robot Build Rating . | . . . . . . . . . Part Schematics Acquired . | . . . . . . . . . Parts Built . | . . . . . . . . . Authchips . | . . . . . . . . . Time . | . . . . . . . . . Total Part Build Rating . | . . . . . . . . . Parts Repaired 1 | . . . . . . . . 1 Time 19 | . . . . . . . . 19 Parts Recycled . | . . . . . . . . . Recycled Matter . | . . . . . . . . . Retrieved Matter . | . . . . . . . . . Retrieved Components . | . . . . . . . . . Parts Scanalyzed . | . . . . . . . . . Part Schematics Acquired . | . . . . . . . . . Parts Damaged . | . . . . . . . . . Bothacking | -11 -10 -10 -9 -9 -9 -8 -8 -7 ------------ Run | Yrd Mat Min Mat Min Exi Min Mat Fac Used RIF Installer . | . . . . . . . . . Robots Hacked . | . . . . . . . . . Non-combat . | . . . . . . . . . Combat . | . . . . . . . . . Robot Hacks Applied . | . . . . . . . . . Relay Couplers Released . | . . . . . . . . . Fabnet Peak Effective % . | . . . . . . . . . Robots Rewired . | . . . . . . . . . Allies Hacked 1 | . . . . . . . . 1 Hacks Repelled . | . . . . . . . . . Allies | -11 -10 -10 -9 -9 -9 -8 -8 -7 -------- Run | Yrd Mat Min Mat Min Exi Min Mat Fac Total Allies 5 | . . . . . . . . 5 Largest Group 1 | . . . . . . . . 1 Highest-Rated Group 30 | . . . . . . . . 30 Highest-Rated Ally 30 | . . . . . . . . 30 Total Orders . | . . . . . . . . . Ally Attacks 12 | . . . . . . . . 12 Total Damage 217 | . . . . . . . . 217 Kills 2 | . . . . . . . . 2 Allies Corrupted . | . . . . . . . . . Allies Melted 1 | . . . . . . . . 1 Field Lobotomies 5 | . . . . . . . . 5 Intel | -11 -10 -10 -9 -9 -9 -8 -8 -7 ------- Run | Yrd Mat Min Mat Min Exi Min Mat Fac Robot Analysis Total . | . . . . . . . . . Derelict Logs Recovered . | . . . . . . . . . Drone Launches . | . . . . . . . . . Drone Recoveries . | . . . . . . . . . Exploration | -11 -10 -10 -9 -9 -9 -8 -8 -7 ------------- Run | Yrd Mat Min Mat Min Exi Min Mat Fac Turns Passed 9092 | 110 1796 351 753 161 405 615 3067 1834 Spaces Moved 3951 | 64 957 183 344 91 253 340 1100 619 Core 41 | 3 . . 1 . . . . 37 Treads 3762 | 61 957 183 343 91 253 340 1100 434 Legs 6 | . . . . . . . . 6 Wheels . | . . . . . . . . . Hover 142 | . . . . . . . . 142 Flight . | . . . . . . . . . Fastest Speed 42 | 50 160 160 160 160 160 160 160 42 Average Speed 158 | 154 160 160 161 160 160 160 163 143 Slowest Speed 500 | 160 160 160 500 160 160 160 250 450 Overloaded Moves . | . . . . . . . . . Propulsion Burnouts . | . . . . . . . . . Robots Hopped . | . . . . . . . . . Cave-ins Triggered . | . . . . . . . . . Exploration Rate (%) 41 | 6 85 42 36 17 46 74 54 11 Regions Visited 8 Branch Regions 4 Pre-discovered Areas . | . . . . . . . . . Known Exits Taken . | . . . . . . . . . Unknown Exits Taken 8 | 1 1 1 1 1 1 1 1 . Scrap Searched 1 | . . . . . . 1 . . Spaces Dug 12 | . . . . 6 . . . 6 Terrain Destroyed 111 | . 2 5 5 21 . 21 . 57 Melee 6 | . . . . . . . . 6 Projectile 1 | . . . . . . . . 1 AOE 104 | . 2 5 5 21 . 21 . 50 Terrain Rammed . | . . . . . . . . . Walls Destroyed . | . . . . . . . . . Machines Disabled . | . . . . . . . . . Actions | -11 -10 -10 -9 -9 -9 -8 -8 -7 --------- Run | Yrd Mat Min Mat Min Exi Min Mat Fac Total 6103 | 71 1084 205 447 97 253 392 2172 1382 Wait 1559 | . 6 . 16 . . 39 900 598 Move 3943 | 63 956 182 343 90 252 339 1099 619 Hop . | . . . . . . . . . Pick Up 45 | 1 11 . 7 . 1 . 20 5 Fast Attach 61 | 6 8 . 11 . . . 14 22 Attach 20 | . . . 2 . . 1 5 12 Detach 1 | . . . . . . . . 1 Swap 33 | . 9 2 2 1 . 1 8 10 Drop 56 | . 11 . 17 . . . 19 9 Fire 339 | . 81 19 49 6 . 10 94 80 Melee 34 | . . . . . . . 11 23 Ram 3 | . . . . . . . . 3 Kick . | . . . . . . . . . Crush 9 | 1 2 2 . . . 2 2 . Escape Stasis . | . . . . . . . . . Rewire . | . . . . . . . . . Trap . | . . . . . . . . . Miscellaneous . | . . . . . . . . . Route ------- -11/Scrapyard -10/Materials (discovered 4 exits: [*Mat x3] / [*Min]) -10/Mines -9/Materials -9/Mines (discovered 2 exits: [*Mat] / *Exi) -9/Exiles -8/Mines -8/Materials -7/Factory History --------- Turn | Location | Event 6 | -11/Scrapyard | Discovered new exit (range 16) 111 | -11/Scrapyard | Entered Materials 236 | -10/Materials | Discovered new exit (range 13) 318 | -10/Materials | Build established: Mutant 893 | -10/Materials | Discovered new exit (range 15) 1190 | -10/Materials | Discovered new exit (range 3) 1776 | -10/Materials | Discovered new exit (range 7) 1907 | -10/Materials | Entered Mines 2239 | -10/Mines | Discovered new exit (range 12) 2258 | -10/Mines | Entered Materials 2258 | -9/Materials | Evolved 2 slots: Propulsion x1, Utility x1 2868 | -9/Materials | Discovered new exit (range 9) 3011 | -9/Materials | Entered Mines 3079 | -9/Mines | Discovered new exit (range 6) 3124 | -9/Mines | Destroyed 8 combat bots 3164 | -9/Mines | Deemed a non-threat by the Exiles lab entrance 3166 | -9/Mines | Discovered new exit (range 5) 3172 | -9/Mines | Entered Exiles 3193 | -9/Exiles | Discovered new exit (range 15) 3216 | -9/Exiles | Met 8R-AWN 3235 | -9/Exiles | Met EX-HEX 3321 | -9/Exiles | Met EX-BIN 3344 | -9/Exiles | Aligned with FarCom system 3345 | -9/Exiles | Given EX-Vault access code 3392 | -9/Exiles | Opened EX-Vault 3404 | -9/Exiles | Found Field Lobotomy Kit 3439 | -9/Exiles | Warned to stay clear of 0b10 Research branches 3577 | -9/Exiles | Left Exiles lab with Field Lobotomy Kit 3577 | -9/Exiles | Entered Mines 4160 | -8/Mines | Discovered new exit (range 13) 4192 | -8/Mines | Entered Materials 4192 | -8/Materials | Evolved 2 slots: Propulsion x1, Utility x1 4844 | -8/Materials | Build established: Scavenger-Mutant 7061 | -8/Materials | Lost 4 parts (1p2n1u) 7222 | -8/Materials | Discovered new exit (range 6) 7259 | -8/Materials | Entered Factory 7259 | -7/Factory | Evolved 2 slots: Power x1, Weapon x1 7682 | -7/Factory | Garrison activated, responded to threat 7873 | -7/Factory | Assimilated G-47 Trooper with FLK Orb 7877 | -7/Factory | Assimilated G-47 Trooper with FLK Orb 7883 | -7/Factory | Garrison activated, responded to threat 7892 | -7/Factory | Assimilated G-47 Trooper with FLK Orb 7943 | -7/Factory | Lost 3 allies 7992 | -7/Factory | Assimilated Y-54 Guardian with FLK Orb 8021 | -7/Factory | Lost 7 parts (2n1u4w) 8035 | -7/Factory | Build established: Mutant 8036 | -7/Factory | Core integrity fell below 50% 8074 | -7/Factory | Core integrity fell below 20% 8091 | -7/Factory | Lost 7 parts (2n3u2w) 8157 | -7/Factory | Lost 4 parts (1n2u1w) 8177 | -7/Factory | Assimilated L-41 Fighter with FLK Orb 8681 | -7/Factory | Repaired Lgt. Nuclear Core 8778 | -7/Factory | Build established: Scavenger-Tank 9012 | -7/Factory | System corruption reached 10% 9093 | -7/Factory | Destroyed by G-47 Trooper with Particle Gun Last Messages --------------- another Cogmind, and many more. Read about these modes and how to activate them in the manual under Alternative Rules. System corrupted: Heat flow error (+173). Dropped Broken Lgt. Treads. Triggered Shock Trap. The floor emits a surge of raw power. System corrupted (+2). A-02 Transporter destroyed. R-06 Scavenger collects Ion Engine. R-06 Scavenger collects Seismic Detector. R-06 Scavenger collects Hcp. Matter Pod. System corrupted: Matter fused (-10). U-05 Engineer lays Concrete. Acquired Med. Storage Unit. System corrupted: Particle Gun rejected. System corrupted: Matter fused (-8). H-55 Commando destroyed. Acquired 28 matter. THAFLDP5RFWZCDOHP>=0UIIL4,A0RMD Map ----- +----------------------------------------------------+ | ?????????????????????????????????????????????????? | | ?????????????????????????????????????????????????? | | ?????????????????????????????????????????????????? | | ?????????????????????????????????????????????????? | | ?????????????????????????????????????????????????? | | ?????????????????????????????????????????????????? | | ?????????????????????????????????????????????????? | | ?????????????????????????????????????????????????? | | ?????????????????????????????????????????????????? | | ?????????????????????????????????????????????????? | | ?????????????????????????????????????????????????? | | ?????????????????????????????????????????????????? | | ?????????????????????????????????????????????????? | | ?????????????????????????????????????????????????? | | ??????###########????????????????????????????????? | | ??????? #??###########???????????????????? | | ???????" " #??# #???????????????????? | | #????""" "G" #??# #???????????????????? | | ????""" " " #??# #???????????????????? | | ???# #??# #???????????????????? | | ???# """ """ #??# #???????????????????? | | ???+ """ """ #??# #########???????????? | | ???# """ """ #??# ##] #???????????? | | ???# #??# ## ]] #???????????? | | ???# = #######+####### ]] !#???????????? | | ???# = g g% % @ + ]] #???????????? | | ???# * g #[ ######### # #???????????? | | ##########/###### #???????# # #???????????? | | !! w #????####/#########??????????? | | ! [ #????# #??????????? | | ! #????# #??????????? | | #????# """" #??????????? | | " " " " #????# """" #??????????? | | # " " " " ########????# """" #??????????? | | # " " " " #???????????# """" #??????????? | | # " " " " #???????????# """ | #???????#### | | # " " " " #???????????# """ """" #???????# | | " " " " #???????????# "S """" #???????# | | # ! " " " " +???????????# """ """" #???????# | | # " " " " #???????????# "" """" #???????# | | # " " " "? #???????????# #???????# | | # ? #????##############/#########????# | | ? ??? #????# | | ######?#? ?? ???? #????# | | ????????? ??????? #????# | | ????????????????? #????# | | ????????????????? #????# | | ?????????????????###############+### #????# | | ?????????????????# #% ######### | | ?????????????????# """ ! # | +----------------------------------------------------+ Best States ------------- Heat Dissipation 48 Energy Generation 23 Energy Capacity 280 Matter Stores 300 Matter Capacity 300 Sight Range 18 Terrain Scan Density 10 ECM Strength 1 Additional Mass Support 9 Armor Coverage 300 Propulsion Shielding 66 Evasion (%) 56 Targeting Accuracy 5 Recoil Reduction 4 Item Schematics ----------------- None Robot Schematics ------------------ None Fabricated ------------ Nothing Alien Tech Used ----------------- None Achievements -------------- None Challenges ------------ None Game ------ Seed ZhirovLightningCoupler Manual? 0 Play Time 01:00:54 Cumulative 10.3 hours Start 2024.04.12 @ 14:53:23 End 2024.04.12 @ 15:54:13 Sessions 1 Manual Loads 0 Difficulty Rogue Special Mode None Game No. 16 Rogue 13 Adventurer 0 Explorer 3 Win Type - Total 0 Types 0/0/0/0/0/0/0/0/0 Lore% 12 Gallery% 20 Achievement% 17 Wizard Run 0 Options --------- Layout 1 ASCII 0 Keyboard 0 Movement Arrows Keybinds 0 Fullscreen 0 Font 28/SmallcapsGlow Map View 50x43 Zoom Use 0% Tactical HUD 0 Map Filters NONE Filters NONE Steam 1 RUN: c3b6f71d-fb8f-48d8-9cb5-0c76478ac3f3